AoeStats
← 买彩票刮出欠条

Black Forest

507642094Analyzed
3v3 RM · 14d ago on Sep 19, 2026· 44m 25s· 6 players
Game mode
Random Map
Map size
Normal (6 player)
Population
200
Speed
Normal
Resources
Standard
Victory
Conquest
Starting age
Dark Age
Ending age
Imperial Age
RankedLock teamsTeams togetherTeam positionsShared explorationLock speedFull tech treeHidden civsTurbo modeCheats
Victory
Defeat
🇨🇳 Wu · China
1335
+15
🇵🇪 Persians · Peru
1323
+15
🇦🇺 Burmese · Australia
1306
+16
🇦🇷 Persians · Argentina
1352
-17
🇺🇸 Khitans · United States
1340
-17
🇨🇴 Lithuanians · Colombia
1228
-12
Vinkz
1:13 Loom
13:10 Feudal Age
18:19 Fletching
19:06 Gold Mining
21:33 Castle Age
21:59 Padded Archer Armor
24:33 Gold Mining
27:40 Bloodlines
35:35 Wheelbarrow
35:53 Horse Collar
36:48 Heavy Plow
41:58 Imperial Age
39:01 Pikeman
39:41 Squires
39:48 Scale Mail Armor
42:55 Chain Mail Armor
42:50 Forging
42:53 Heavy Plow
42:36 Halberdier
43:06 Gambesons
42:42 Man-at-Arms
43:08 Arson
43:50 Conscription
44:19 Plate Mail Armor
44:18 Caravan
44:16 Stone Mining
45:02 Gold Shaft Mining
lcastillov22
10:11 Feudal Age
14:55 Castle Age
13:20 Double-Bit Axe
14:43 Horse Collar
16:32 Bow Saw
18:35 Wheelbarrow
19:33 Heavy Plow
22:10 Hand Cart
22:46 Loom
26:00 Gold Mining
26:00 Stone Mining
27:30 Gold Shaft Mining
27:46 Town Watch
31:12 Imperial Age
28:47 Town Patrol
30:05 Stone Shaft Mining
29:40 Scale Barding Armor
29:45 Forging
31:24 Chain Barding Armor
32:09 Iron Casting
31:08 Elite War Elephant
32:09 Conscription
32:22 Bloodlines
32:13 Husbandry
32:58 Crop Rotation
33:31 Two-Man Saw
33:35 Plate Barding Armor
36:13 Blast Furnace
35:03 Fletching
35:14 Padded Archer Armor
35:12 Murder Holes
36:18 Chemistry
37:30 Bodkin Arrow
39:47 Citadels
42:42 Leather Archer Armor
42:59 Ballistics
42:51 Masonry
买彩票刮出欠条
1:17 Loom
12:16 Feudal Age
12:46 Double-Bit Axe
18:14 Castle Age
16:38 Fishing Lines
20:06 Bow Saw
21:22 Gold Mining
23:10 Gillnets
23:53 Horse Collar
27:30 Wheelbarrow
26:51 Stone Mining
31:07 Imperial Age
29:20 Heavy Plow
30:30 Stone Shaft Mining
29:48 Fletching
29:24 Pikeman
30:05 Squires
30:32 Hand Cart
31:19 Red Cliffs Tactics
31:30 Scale Mail Armor
31:25 Bodkin Arrow
32:11 Conscription
31:36 Halberdier
33:32 Two-Man Saw
34:02 Chemistry
34:04 Ballistics
34:00 Chain Mail Armor
33:46 Bracer
34:46 Padded Archer Armor
35:17 Plate Mail Armor
34:17 Elite Fire Archer
34:59 Elite Skirmisher
36:20 Forging
37:03 Gold Shaft Mining
37:53 Leather Archer Armor
37:48 Heavy Scorpion
38:51 Sitting Tiger
41:06 Iron Casting
alexisjcw
0:33 Loom
13:06 Feudal Age
13:26 Man-at-Arms
13:53 Arson
15:01 Town Watch
15:37 Fletching
18:13 Stone Mining
21:13 Wheelbarrow
25:28 Double-Bit Axe
28:57 Castle Age
26:49 Domestication
37:19 Bow Saw
37:25 Scale Mail Armor
37:36 Forging
39:34 Chain Mail Armor
42:11 Pikeman
42:51 Squires
43:30 Iron Casting
JairoElChigüi
0:46 Loom
14:59 Feudal Age
19:58 Castle Age
18:19 Double-Bit Axe
18:31 Horse Collar
19:38 Gold Mining
19:38 Stone Mining
21:15 Wheelbarrow
21:01 Bow Saw
25:47 Heavy Plow
28:23 Fletching
29:51 Fervor
30:01 Sanctity
29:14 Elite Skirmisher
30:54 Hand Cart
31:16 Padded Archer Armor
32:34 Thumb Ring
35:24 Imperial Age
33:32 Bodkin Arrow
33:52 Leather Archer Armor
34:04 Town Watch
34:49 Ballistics
34:40 Fortified Wall
34:25 Murder Holes
35:54 Hill Forts
36:07 Forging
36:04 Scale Barding Armor
36:17 Bracer
37:21 Chemistry
36:52 Ring Archer Armor
36:25 Tower Shields
36:46 Conscription
36:31 Murder Holes
38:16 Two-Man Saw
37:47 Crop Rotation
37:57 Scale Barding Armor
38:30 Hoardings
38:16 Conscription
38:21 Masonry
39:14 Stone Shaft Mining
39:15 Chain Barding Armor
39:59 Coinage
40:40 Plate Barding Armor
41:55 Banking
42:45 Forging
42:42 Husbandry
42:52 Bloodlines
42:02 Cavalier
44:08 Iron Casting
jj
1:35 Loom
10:53 Feudal Age
15:50 Castle Age
14:23 Double-Bit Axe
15:16 Horse Collar
22:39 Bow Saw
24:23 Heavy Plow
25:11 Wheelbarrow
26:24 Hand Cart
25:55 Town Watch
27:44 Gold Mining
31:02 Imperial Age
29:43 Scale Barding Armor
29:49 Forging
30:24 Bloodlines
30:45 Chain Barding Armor
30:47 Husbandry
31:58 Iron Casting
30:55 Cavalier
31:48 Caravan
32:21 Coinage
32:48 Plate Barding Armor
32:16 Savar
35:55 Blast Furnace
36:34 Fletching
37:48 Chemistry
37:09 Conscription
37:01 Citadels
38:03 Heavy Camel Rider
Connection lost

Rejoining the realm…

Still unreachable

The connection could not be restored.

Session expired

The server has moved on; the page needs a fresh start.